 Dungeon Crawl Stone Soup version 0.29.0-5-ge4962eb29e (webtiles) character file.

Game seed: 14966837694081803705

1 greasedhog the Stinger (level 1, 0/10 HPs)
             Began as a Tengu Wanderer on Aug 28, 2022.
             Slain by a quokka (2 damage)
             ... on level 1 of the Dungeon.
             The game lasted 00:00:29 (108 turns).

greasedhog the Stinger (Tengu Wanderer)              Turns: 108, Time: 00:00:30

Health: 0/10       AC:  3    Str: 12    XL:     1   Next: 20%
Magic:  0/3        EV: 11    Int: 14    God:
Gold:   16         SH:  0    Dex: 11    Spells: 1/2 levels left

rFire   . . .      SeeInvis .   a - +0 club
rCold   . . .      Faith    .   (no shield)
rNeg    . . .      Spirit   .   c - +0 robe
rPois   .          Reflect  .   (helmet restricted)
rElec   .          Harm     .   d - +0 cloak
rCorr   .          Rampage  .   (no gloves)
Will    .....                   (boots unavailable)
Stlth   ++........              (no amulet)
HPRegen 0.03/turn               (no ring)
MPRegen 0.08/turn               (no ring)

@: very slightly contaminated
A: beak, talons 3
a: no special abilities


You were on level 1 of the Dungeon.
You visited 1 branch of the dungeon, and saw 1 of its levels.

You collected 16 gold pieces.

Inventory:

Hand Weapons
 a - a +0 club (weapon)
Armour
 c - a +0 robe (worn)
 d - a +0 cloak (worn)
Scrolls
 b - a scroll of teleportation
 e - a scroll of magic mapping {unknown}


   Skills:
 + Level 1.1 Dodging
 + Level 2.0 Stealth
 + Level 1.0 Spellcasting
 + Level 2.7 Air Magic
 + Level 4.0 Poison Magic


You had one spell level left.
You knew the following spells:

 Your Spells              Type           Power      Damage    Failure   Level
a - Shock                 Conj/Air       16%        1d4       16%         1

Your spell library contained the following spells:

 Spells                   Type           Power      Damage    Failure   Level
 Sting                    Tmut/Pois      24%        1d4       12%         1
 Swiftness                Air            8%         N/A       26%         3
 Mephitic Cloud           Conj/Pois/Air  7%         N/A       30%         3
 Spider Form              Tmut/Pois      6%         N/A       34%         3


Dungeon Overview and Level Annotations

Branches:
Dungeon (1/15)

Altars:


Innate Abilities, Weirdness & Mutations

You have a beak for a mouth.
You have claws for feet.


Message History

The zap hits the rat.
The rat is moderately wounded.
The zap hits the rat.
You kill the rat!
Magic restored.
You now have 8 gold pieces.
You now have 16 gold pieces (gained 8).
Found 6 stones.
A ball python comes into view.
The zap hits the ball python.
You kill the ball python!
You can't see any susceptible monsters within range! (Use Z to cast anyway.)
A quokka comes into view.
A quokka is nearby!
The zap hits the quokka.
The quokka is moderately wounded.
The quokka barely misses you.
You miscast Shock.
You are very lightly contaminated with residual magic.
Nothing appears to happen.
The quokka bites you.
You miscast Shock.
Nothing appears to happen.
The quokka completely misses you.
You hit the quokka but do no damage. You claw the quokka, but do no damage.
The quokka is moderately wounded.
The quokka closely misses you. The quokka barely misses you.
You are out of magic!
You hit the quokka but do no damage.
The quokka is lightly wounded.
The quokka bites you.
You hit the quokka but do no damage. Your kick misses the quokka.
The quokka is lightly wounded.
The quokka completely misses you. The quokka misses you.
You closely miss the quokka.
The quokka is lightly wounded.
The quokka bites you.
* * * LOW HITPOINT WARNING * * *
You aren't carrying any potions.
You hit the quokka but do no damage. You peck the quokka.
The quokka is moderately wounded.
The quokka bites you.
You die...

#############
#............ #
#............ ###.
#.####...#### ....###
#.#.........# .......
#.#.........# .......
#.#..#####..#
......(######.#..#S≈≈#..#
#..:r@.....#..#≈≈≈#..#
#.†....###.#..#≈≈≈#..#
..............#..#≈≈≈#..#
#######...###.#..#≈≈≈#..#
###.. ..#..#≈≈≈#..#
#....##..#≈≈≈#..# #≈.≈.
#..#####..#
#≈.≈###.........#
#...⌠.⌠...#


You could see a quokka.

Vanquished Creatures
  A ball python (D:1)
  A rat (D:1)
2 creatures vanquished.

Notes
Turn   | Place    | Note
-------+----------+-------------------------------------------
     0 | D:1      | greasedhog the Tengu Wanderer began the quest for the Orb.
     0 | D:1      | greasedhog set off with the following items: a +0 club, a
                  | scroll of teleportation, a +0 robe, a +0 cloak; and the
                  | following spells available to memorise: Sting, Shock,
                  | Swiftness, Mephitic Cloud, Spider Form.
     0 | D:1      | Reached XP level 1. HP: 10/10 MP: 3/3
     2 | D:1      | Learned a level 1 spell: Shock
     8 | D:1      | Noticed an electric eel
   108 | D:1      | Slain by a quokka

Illustrated notes

Levels and vault maps discovered:
D:1:      arrival_aquarium_a, layout_basic, chequers_serial_rivers_micro_d

Action                   || total
-------------------------++-------
Melee: Club              ||     5
       Kick              ||     1
       Peck              ||     1
 Cast: Shock             ||     4
Dodge: Dodged            ||     6
